 Dungeon Crawl Stone Soup version 0.16-a0-3641-g71d4c1b (webtiles) character file.

50 lawman0 the Charlatan (level 3, -3/31 HPs)
             Began as a Deep Dwarf Artificer on Feb 1, 2015.
             Slain by mdk's ghost (4 damage)
             ... on level 4 of the Dungeon.
             The game lasted 00:03:17 (1201 turns).

lawman0 the Charlatan (Deep Dwarf Artificer)        Turns: 1201, Time: 00:03:17

Health: -3/31      AC:  3    Str: 15    XL:     3   Next: 55%
Magic:  5/5        EV: 12    Int: 12    God:
Gold:   36         SH:  0    Dex: 13    Spells: 0 memorised, 2 levels left

rFire  + . .     SeeInvis .     m - +0 scimitar
rCold  . . .     Clarity  .     e - +0 leather armour
rNeg   . . .     SustAb   .     (no shield)
rPois  .         Gourm    .     (no helmet)
rElec  .         Spirit   .     (no cloak)
rCorr  .         Warding  .     (no gloves)
rMut   .         Stasis   .     (no boots)
MR     .....                    (no amulet)
Stlth  +.........               (no ring)
                                l - ring of protection from fire

@: non-regenerating, not resistant to hostile enchantments, very unstealthy
A: damage resistance, recharge devices, sense surroundings 1, slow healing 3
a: Device Recharging


You were on level 4 of the Dungeon.
You were not hungry.

You visited 1 branch of the dungeon, and saw 4 of its levels.

You collected 36 gold pieces.

Inventory:

Hand weapons
 a - a +0 short sword
 m - a +0 scimitar (weapon)
 n - a +0 morningstar of holy wrath
Missiles
 j - a throwing net (quivered)
Armour
 e - a +0 leather armour (worn)
Jewellery
 l - a ring of protection from fire (left hand)
Magical devices
 b - a wand of flame (15)
 c - a wand of enslavement (14)
 d - a wand of random effects (14)
 f - a wand of heal wounds (2)
 h - a wand of confusion (7)
Comestibles
 g - a bread ration
 i - 2 fruits
 k - a meat ration
 o - 3 chunks of flesh


   Skills:
 + Level 1.1 Fighting
 - Level 0.8 Short Blades
 + Level 1.2 Armour
 + Level 2.9 Dodging
 + Level 1.2 Stealth
 * Level 5.3 Evocations


You had 2 spell levels left.
You didn't know any spells.

Dungeon Overview and Level Annotations

Branches:
Dungeon (4/15)
 Temple: D:4-7

Altars:
Sif Muna
Vehumet
Zin

Annotations:
D:2 Terence
D:4 mdk's ghost, average KoAr


Innate Abilities, Weirdness & Mutations

You are resistant to damage.
You can recharge devices by infusing magical energy.
You passively map a small area around you.
You do not heal naturally.


Message History

Mdk's ghost hits you!
You closely miss mdk's ghost! Mdk's ghost hits you!
You miss mdk's ghost! Mdk's ghost closely misses you!
Mdk's ghost hits you!!! * * * don't die
* * *
There is an open door here!
You barely miss mdk's ghost!
Mdk's ghost screams, "Zot is a myth, the ORB is a fable, you'll soon be a tale!!!"
The kobold closely misses you!
You open the kobold like a pillowcase!
You annihilate the kobold!!!
Mdk's ghost closely misses you! Mdk's ghost hits you!
Mdk's ghost hits you! * * * don't die
* * *
There is an open door here!
You see here a kobold corpse!
You barely miss mdk's ghost! Mdk's ghost hits you! * * * don't die
* * * You slice mdk's ghost but do no damage!
Mdk's ghost hits you! rip

* # .,, * ..#
*..#* * ####.#
..# , #.....
*..# *#...#.##
..# *
#...#..#*..# ,
#...##.##..# *
* #...##..#..#
* *
#<..†W@....# ,
*
#...###..#.#**
*
#...##.......
, ,
#...##.#...###
* +
#...##.##..# ,
..####.* ..# ,
...#* #. ..#
...+, .. ..# *
..# # .


You could see mdk's ghost.

Vanquished Creatures
  An adder (D:3)
  An orc (D:3)
  A giant cockroach (D:1)
  2 goblins
  5 hobgoblins (D:1)
  3 kobolds
  5 bats
  A giant gecko (D:1)
  2 giant newts (D:1)
  3 jackals (D:1)
  5 rats
29 creatures vanquished.

Vanquished Creatures (collateral kills)
  Jessica (D:2)
1 creature vanquished.

Grand Total: 30 creatures vanquished

Notes
Turn   | Place    | Note
--------------------------------------------------------------
     0 | D:1      | lawman0, the Deep Dwarf Artificer, began the quest for the Orb.
     0 | D:1      | Reached XP level 1. HP: 16/16 MP: 1/1
    87 | D:1      | Reached skill level 1 in Fighting
   117 | D:1      | Reached XP level 2. HP: 18/25 MP: 3/3
   690 | D:1      | Reached skill level 5 in Evocations
   946 | D:2      | Noticed Terence
   947 | D:2      | Found a deep blue altar of Sif Muna.
   947 | D:2      | Found a radiant altar of Vehumet.
   948 | D:2      | Found a glowing silver altar of Zin.
  1062 | D:2      | Noticed Jessica
  1097 | D:2      | Killed Jessica
  1097 | D:2      | Reached XP level 3. HP: 2/31 MP: 5/5
  1142 | D:3      | Reached skill level 1 in Armour
  1171 | D:3      | :<
  1184 | D:4      | Noticed mdk's ghost (average KoAr)
  1200 | D:4      | HP: 1/31 [mdk's ghost (2)]
  1201 | D:4      | Slain by mdk's ghost

Action                   || total
-------------------------++-------
Melee: Short sword       ||   100
       Scimitar          ||    18
Evoke: Wand              ||     5
 Stab: Sleeping          ||     2
  Eat: Fruit             ||     1
